 Dungeon Crawl Stone Soup version 0.31-a0-931-g7b59d4eb97 (webtiles) character file.

Game seed: 15249628695910388470

4977 Pooter the Grappler (level 10, 0/96 HPs)
             Began as a Troll Hunter on Oct 20, 2023.
             Was a Follower of Lugonu.
             Slain by a jelly (2 damage)
             ... created by Jiyva
             ... on level 6 of the Dungeon.
             The game lasted 00:47:32 (6629 turns).

Pooter the Grappler (Troll Hunter)                  Turns: 6629, Time: 00:47:33

Health: 0/96       AC: -12   Str: 21    XL:     10   Next: 29%
Magic:  9/9        EV: 10    Int:  2    God:    Lugonu [*.....]
Gold:   591        SH:  0    Dex: 15    Spells: 9/9 levels left

rFire   + +          +
                       - Unarmed
rCold   + + .        (no shield)
rNeg    . . .        i - +0 robe {rC+ rF+}
rPois   +            (helmet restricted)
rElec   .            j - scarf "Lyenax" {+Inv, -Tele rPois rF++ Int-3}
rCorr   .            (gloves unavailable)
SInv    .            (boots unavailable)
Will    +....        (no amulet)
Stlth   ++           l - ring of willpower
HPRegen 1.16/turn    (no ring)
MPRegen 0.11/turn

%: no teleportation
@: corroded, studying Stealth
A: large, unfitting armour, claws 3, regeneration 1, shaggy fur 1, tough skin 1,
cold resistance 1, dopey 1, wild magic 3
a: Renounce Religion, Evoke Invisibility, Depart the Abyss


You were on level 6 of the Dungeon.
You worshipped Lugonu.
Lugonu was aware of your devotion.
You visited 1 branch of the dungeon, and saw 9 of its levels.
You visited the Abyss 1 time.
You also visited: Sewer.

You collected 755 gold pieces.
You spent 164 gold pieces at shops.

Inventory:

Hand Weapons
 b - a +0 shortbow
Missiles
 h - 8 poisoned darts
 n - 11 javelins (quivered)
 q - 2 boomerangs
 Q - 45 stones
Armour
 i - a +0 robe of resistance (worn)
   (You took it off Pikel on level 7 of the Dungeon)
 j - the scarf "Lyenax" (worn) {+Inv, -Tele rPois rF++ Int-3}
   (You acquired it in a sewer)

   Int-3:     It affects your intelligence (-3).
   rF++:      It greatly protects you from fire.
   rPois:     It protects you from poison -Tele: It prevents most forms of
   teleportation.
 v - +0 steam dragon scales
   (You found it on level 7 of the Dungeon)
Jewellery
 l - a ring of willpower (left claw)
   (You found it on level 2 of the Dungeon)
 y - the amulet of Harmony {Acrobat rPois Will- Dex+3}
   (You found it on level 6 of the Dungeon)

   [amulet of the acrobat]

   Acrobat:   It increases your evasion while moving and waiting.
   Dex+3:     It affects your dexterity (+3).
   rPois:     It protects you from poison Will-: It decreases your willpower.
Wands
 c - a wand of polymorph (12)
   (You took it off Natasha on level 4 of the Dungeon)
 x - a wand of acid (3)
   (You found it on level 6 of the Dungeon)
Scrolls
 a - a scroll of brand weapon {unknown}
 d - a scroll of butterflies
 e - 2 scrolls of vulnerability {unknown}
 f - a scroll of amnesia
 g - a scroll of immolation {!r}
 o - 3 scrolls of revelation
 r - a scroll of silence {unknown}
 t - 4 scrolls of teleportation {@r4}
 w - a scroll of blinking
 z - a scroll of fog {unknown}
 A - 4 scrolls of enchant armour
Potions
 k - 2 potions of invisibility
 m - a potion of resistance {unknown}
 p - a potion of mutation {unknown}
 s - 2 potions of magic {unknown}
 u - a potion of might {unknown}


   Skills:
 + Level 5.3 Fighting
 * Level 6.9 Ranged Weapons
 - Level 1.5 Dodging
 + Level 1.4 Stealth
 * Level 9.0 Unarmed Combat
 + Level 4.0 Evocations


You had 9 spell levels left.
You didn't know any spells.
Your spell library contained the following spells:

 Spells                   Type           Power      Damage    Failure   Level
 Ensorcelled Hibernation  Hex/Ice        0%         N/A       88%         2
 Passwall                 Tmut/Erth      0%         N/A       88%         2
 Sublimation of Blood     Necr           0%         N/A       88%         2
 Gell's Gravitas          Tloc           0%         N/A       98%         3
 Swiftness                Air            0%         N/A       98%         3
 Teleport Other           Tloc           0%         N/A       98%         3
 Petrify                  Tmut/Erth      0%         N/A       100%        4
 Irradiate                Conj/Tmut      0%         3d11      100%        5
 Iskenderun's Battlesphe  Conj           0%         2d6       100%        5
 Bombard                  Conj/Erth      0%         9d1       100%        6
 Dispersal                Tloc           0%         N/A       100%        6
 Spellforged Servitor     Conj/Summ      0%         N/A       100%        7


Dungeon Overview and Level Annotations

Branches:
Dungeon (9/15) Zot: 25704  Temple (0/1) D:7           Sewer (visited)
   Lair: D:8-11         Orc: D:9-12

Altars:
Kikubaaqudgha
Makhleb
Nemelex Xobeh
Uskayaw
The Shining One

Shops:
D:4 !?*   D:5 *(

Annotations:
D:7 1 runed translucent door, Crazy Yiuf
D:9 Grum


Innate Abilities, Weirdness & Mutations

You are too large for most types of armour.
You have claws for hands.
Your natural rate of healing is unusually fast.
You are covered in fur. (AC +1)
You have tough skin. (AC +1)
Your flesh is cold resistant. (rC+)
You are dopey. (Int -2)
Your spells are much harder to cast, but much more powerful.


Message History

You feel a strange sense of stasis.
The jelly blinks!
The jelly hits you but does no damage.
The jelly enters a dispersal trap!
The jelly blinks!
You feel a strange sense of stasis.
The jelly blinks!
There is a stone staircase leading up here.
The jelly hits you but does no damage.
You climb upwards.
The jelly quivers. x2
There is a stone staircase leading down, spattered with blood here.
You claw the jelly! The acid corrodes you!
Your claws burn!
The jelly hits you.
You are splashed with acid!
You scratch the jelly.
Your claws burn!
You scratch the jelly but do no damage.
Your claws burn!
* * * LOW HITPOINT WARNING * * *
The jelly hits you.
* * * LOW HITPOINT WARNING * * *
You are splashed with acid!
* * * LOW HITPOINT WARNING * * *
You barely miss the jelly. The jelly hits you.
* * * LOW HITPOINT WARNING * * *
The acid corrodes you!
You are splashed with acid!
* * * LOW HITPOINT WARNING * * *
You claw the jelly!
You kill the jelly!
That felt strangely unrewarding.
Aiming: Corrosive Bolt
Press: ? - help, Shift-Dir - straight line, f - jelly
Aim: a jelly (100% to hit)
The bolt of acid hits the jelly.
The jelly completely resists.
The jelly jiggles.
Okay, then.
You claw the jelly!
Your claws burn!
* * * LOW HITPOINT WARNING * * *
Your claw misses the jelly. The jelly closely misses you.
You mangle the jelly!!
Your claws burn!
* * * LOW HITPOINT WARNING * * *
You claw the jelly. The jelly hits you.
* * * LOW HITPOINT WARNING * * *
The acid corrodes you!
You are splashed with acid!
* * * LOW HITPOINT WARNING * * *
The jelly hits you.
* * * LOW HITPOINT WARNING * * *
The acid corrodes you!
You are splashed with acid!
* * * LOW HITPOINT WARNING * * *
You feel Jiyva alter your body.
You feel stupid.
Lugonu does not welcome meddling.
The jelly is devoured by a tear in reality.
The jelly hits you.
You die...

###......###..#...........
#........#................
####.......................
##........#................. ##
#.........#........##.......
.#####..#...............##.......
.##.#..##........[)#.##..........
...............§J>##.#...........
.......##......J@##..............
....##.###.....§.###.............
.................................
..............#...#....#.........
.#.............#..#..###.........
.#.............#.....###.........
..................##.#.#.........
.....#.................#.........
##...#.......####..........##....


You could see 2 jellies.

Vanquished Creatures
  Pikel (D:7)
  A yaktaur (shapeshifter) (D:8)
  Psyche (D:7)
  Grinder (D:4)
  Sigmund (D:2)
  A wyvern (D:7)
  A wraith (D:6)
  Eustachio (D:4)
  A steam dragon (D:7)
  An acid dragon (D:6)
  3 water moccasins
  2 black bears (D:5)
  A sky beast (D:6)
  2 ice beasts
  3 phantoms
  A centaur (D:7)
  4 bullfrogs
  3 necrophages (D:4)
  2 scorpions (D:7)
  8 wights
  2 howler monkeys (D:8)
  A human zombie (D:4)
  A bullfrog zombie (D:4)
  3 hounds
  7 jellies
  2 orc priests (D:6)
  3 iguanas
  2 scorpion zombies (D:4)
  4 sleepcaps
  Natasha (D:4)
  2 orc wizards (D:6)
  A hound zombie (D:4)
  A gnoll (D:1)
  9 adders
  3 river rats (Sewer)
  3 shadow imps (D:4)
  4 white imps
  2 ufetubi (D:6)
  An adder zombie (D:4)
  A dart slug (D:4)
  11 orcs
  6 bats
  11 endoplasms
  10 giant cockroaches
  8 goblins
  7 hobgoblins
  7 jackals
  8 kobolds
  6 quokkas
  10 ball pythons
  7 frilled lizards
  A quokka zombie (D:4)
  9 rats
193 creatures vanquished.

Vanquished Creatures (others)
  A black bear (D:4)
  A lemure (D:7)
  2 bullfrogs
  A howler monkey (D:7)
  19 jellies
  3 hounds
  An orc priest (D:9)
  An iguana (D:5)
  Natasha (twice) (D:4)
  Robin (D:4)
  2 adders
  A worm (D:5)
  2 endoplasms
  6 orcs
  2 ball pythons
  A bat (D:3)
  A giant cockroach (D:3)
  3 hobgoblins (D:4)
  A kobold (D:3)
  11 goblins
62 creatures vanquished.

Grand Total: 255 creatures vanquished

Notes
Turn   | Place    | Note
-------+----------+-------------------------------------------
     0 | D:1      | Pooter the Troll Hunter began the quest for the Orb.
     0 | D:1      | Reached XP level 1. HP: 19/19 MP: 0/0
   121 | D:1      | Found a faded altar of an unknown god.
   201 | D:1      | Reached skill level 1 in Unarmed Combat
   201 | D:1      | Reached XP level 2. HP: 9/28 MP: 1/1
   508 | D:1      | Reached XP level 3. HP: 35/35 MP: 2/2
  1105 | D:2      | Reached skill level 2 in Unarmed Combat
  1208 | D:2      | Noticed Sigmund
  1331 | D:2      | Reached XP level 4. HP: 42/42 MP: 3/3
  1475 | D:2      | Killed Sigmund
  1476 | D:2      | Reached skill level 3 in Unarmed Combat
  1476 | D:2      | Reached XP level 5. HP: 30/50 MP: 4/4
  1637 | D:3      | Found a glowing drain.
  1655 | Sewer    | Entered a sewer
  1737 | Sewer    | Reached XP level 6. HP: 59/59 MP: 5/5
  1845 | Sewer    | Identified a scroll of acquirement
  1846 | Sewer    | Acquired the scarf "Lyenax" {+Inv, -Tele rPois rF++ Int-3}
  1859 | Sewer    | Reached skill level 4 in Unarmed Combat
  1865 | Sewer    | Found a viscous altar of Jiyva.
  1878 | Sewer    | Became a worshipper of Jiyva Jonippos the Shapeless
  2126 | D:3      | Found a sparkling altar of Nemelex Xobeh.
  2381 | D:4      | Found Raunibos's General Store.
  2381 | D:4      | Found Pehyarhao's Magic Scroll Emporium.
  2381 | D:4      | Found Bogumiaq's Distillery.
  2382 | D:4      | Noticed Grinder
  2383 | D:4      | Bought a potion of curing for 39 gold pieces
  2423 | D:4      | Reached * piety under Jiyva
  2496 | D:4      | Reached XP level 7. HP: 67/67 MP: 6/6
  2572 | D:4      | Reached skill level 1 in Evocations
  2572 | D:4      | Killed Robin
  2629 | D:4      | Reached skill level 5 in Unarmed Combat
  2647 | D:4      | Killed Natasha
  2671 | D:4      | Reached XP level 8. HP: 71/75 MP: 7/7
  2677 | D:4      | Found an ancient bone altar of Kikubaaqudgha.
  2721 | D:4      | Paralysed by Grinder for 3 turns
  2731 | D:4      | Killed Grinder
  2732 | D:4      | Reached skill level 5 in Ranged Weapons
  2739 | D:4      | Bought a scroll of blinking for 75 gold pieces
  2739 | D:4      | Bought a scroll of teleportation for 30 gold pieces
  2739 | D:4      | Bought a scroll of identify for 20 gold pieces
  2851 | D:4      | Noticed Eustachio
  2881 | D:4      | Killed Eustachio
  2882 | D:4      | Reached skill level 6 in Unarmed Combat
  2894 | D:4      | Killed Natasha
  2929 | D:4      | Noticed Natasha
  2938 | D:4      | Killed Natasha
  3022 | D:5      | Entered Level 5 of the Dungeon
  3058 | D:5      | Reached ** piety under Jiyva
  3099 | D:5      | Found Ciugyu's Antique Weapon Shop.
  3239 | D:5      | Found Gabij's Serpentskin Sales.
  3919 | D:6      | Reached *** piety under Jiyva
  3973 | D:6      | Reached XP level 9. HP: 77/84 MP: 8/8
  4002 | D:6      | Identified the amulet of Harmony {Acrobat rPois Will-
                  | Dex+3}
  4021 | D:6      | Reached skill level 7 in Unarmed Combat
  4740 | D:7      | Gained mutation: Your spells are a little harder to cast,
                  | but a little more powerful. [Jiyva's grace]
  4740 | D:7      | Gained mutation: Your spells are harder to cast, but more
                  | powerful. [Jiyva's grace]
  4740 | D:7      | Gained mutation: Your spells are much harder to cast, but
                  | much more powerful. [Jiyva's grace]
  4740 | D:7      | Gained mutation: Your flesh is cold resistant. (rC+)
                  | [Jiyva's grace]
  4791 | D:7      | Found a staircase to the Ecumenical Temple.
  4871 | D:7      | Reached skill level 8 in Unarmed Combat
  4941 | D:7      | You fall into a shaft and drop 2 floors!
  4945 | D:9      | Noticed Grum
  5325 | D:8      | Reached **** piety under Jiyva
  5326 | D:8      | Found a hide-covered altar of Uskayaw.
  5433 | D:7      | Reached skill level 5 in Fighting
  5581 | D:7      | Found a burning altar of Makhleb.
  5718 | D:7      | Found a runed translucent door.
  5719 | D:7      | Noticed Crazy Yiuf
  5861 | D:7      | Noticed Pikel
  5875 | D:7      | Killed Pikel
  5876 | D:7      | Reached XP level 10. HP: 88/96 MP: 9/9
  5889 | D:7      | Found a glowing golden altar of the Shining One.
  6168 | D:7      | Acquired 458 gold pieces
  6170 | D:7      | Acquired a manual of Stealth
  6381 | D:8      | Noticed Psyche
  6388 | D:7      | Reached skill level 1 in Stealth
  6565 | Abyss:2  | Found a corrupted altar of Lugonu.
  6565 | Abyss:2  | Cast into level 2 of the Abyss (Psyche)
  6567 | Abyss:2  | Fell from the grace of Jiyva
  6567 | Abyss:2  | Became a worshipper of Lugonu the Unformed
  6567 | Abyss:2  | Reached * piety under Lugonu
  6567 | Abyss:2  | Reached ** piety under Lugonu
  6591 | Abyss:2  | Noticed a thrashing horror
  6592 | D:7      | Escaped the Abyss
  6596 | D:7      | Killed Psyche
  6597 | D:7      | Reached skill level 9 in Unarmed Combat
  6628 | D:6      | HP: 1/96 [acid[Jiyva] (10)]
  6628 | D:6      | Gained mutation: You are dopey. (Int -2) [the all-consuming
                  | vengeance of Jiyva]
  6629 | D:6      | Slain by a jelly

Illustrated notes

Levels and vault maps discovered:
D:1:      spicycebolla_arrival_clurvy, layout_loops_corners,
          hellmonk_ecumenical_altar_arch_garden
D:2:      layout_loops_ring, minmay_pentomino_v2, uniq_sigmund
D:3:      minmay_bubble_buster, layout_basic, mainiacjoe_overflow_alcove_4,
          gup_sewer_entry_pipe
D:4:      layout_gridville, lemuel_mausoleum_altar_kikubaaqudgha,
          serial_demonic, serial_demonic_e, serial_demonic_c, serial_demonic_g,
          serial_demonic_b, nicolae_shop_distant_corner_stores, uniq_robin,
          uniq_eustachio, uniq_natasha, uniq_grinder
D:5:      layout_gridville, serial_shops, nicolae_shop_tiny_waterfront,
          guppyfry_shop_venom, uniq_edmund
D:6:      layout_cave_pools
D:7:      layout_cave_pods, makhleb_heckhound_becter, lemuel_tele_altar,
          temple_pool_b, uniq_pikel, uniq_crazy_yiuf_cottage
D:8:      layout_rooms, zin_treasury, nicolae_uskayaw_murder_on_the_dancefloor,
          minmay_lair_entry_grove, enter_bailey_5, uniq_psyche, uniq_joseph
D:9:      layout_basic, nicolae_vehumet_altar_sigil,
          chequers_serial_rivers_micro_e, uniq_grum

Skill      XL: |  1  2  3  4  5  6  7  8  9 10 |
---------------+-------------------------------+-----
Unarmed Combat | 1 2 3 4 5 6 8 9 |  9.0
Ranged Weapons | 3 4 5 6 |  6.9
Fighting       | 2 3 4 5 |  5.3
Evocations     | 1 2 3 4 |  4.0
Stealth        | 1 |  1.4
Dodging        | |  1.5

Action                     |  1- 3 |  4- 6 |  7- 9 | 10-12 || total
---------------------------+-------+-------+-------+-------++-------
  Melee: Unarmed           |    43 |    62 |   254 |    41 ||   400
         Punch             |       |     1 |    10 |     2 ||    13
   Fire: Shortbow          |    62 |   126 |   130 |    21 ||   339
  Throw: Dart              |       |       |     7 |       ||     7
         Javelin           |       |       |     1 |       ||     1
 Invoke: Oozemancy         |       |       |     1 |       ||     1
         Depart the Abyss  |       |       |       |     1 ||     1
  Evoke: Wand              |       |       |     4 |     3 ||     7
    Use: Scroll            |     2 |     2 |     3 |     2 ||     9
         Potion            |       |       |     1 |       ||     1
   Stab: Sleeping          |       |     1 |     1 |       ||     2
 Armour: Robe              |    39 |    46 |   175 |    43 ||   303
         Steam dragon scal |       |       |    26 |       ||    26
  Dodge: Dodged            |    37 |    48 |   144 |    15 ||   244

Table legend: (Time is in decaauts)
 A = Elapsed time spent in this place.
 B = Non-inter-level travel time spent in this place.
 C = Inter-level travel time spent in this place.
 D = Time resting spent in this place.
 E = Time spent auto-exploring this place.
 F = Levels seen in this place.
 G = Mean time per level.
                   A        B        C        D        E       F      G
               +--------+--------+--------+--------+--------+-----+--------+
         Total |   6606 |   6330 |    276 |   1216 |   3465 |  11 |  600.5 |
       Dungeon |   6289 |   6013 |    276 |   1187 |   3332 |   9 |  698.8 |
         Abyss |     26 |     26 |      0 |     24 |      0 |   1 |   26.0 |
         Sewer |    290 |    290 |      0 |      5 |    133 |   1 |  290.0 |
               +--------+--------+--------+--------+--------+-----+--------+

Top non-repeatable levels by time:
     D:7: 1317 daAuts
     D:1: 905 daAuts
     D:5: 858 daAuts
     D:6: 804 daAuts
     D:2: 699 daAuts
     D:4: 599 daAuts
     D:3: 535 daAuts
     D:9: 352 daAuts
   Sewer: 290 daAuts
     D:8: 215 daAuts
 Abyss:2: 26 daAuts
